 Dungeon Crawl Stone Soup version 0.26.1-11-gd32895ea62 (webtiles) character file.

Game seed: 15320635220228745447

139 dtburroughs the Chopper (level 5, -15/70 HPs)
             Began as a Minotaur Berserker on June 7, 2021.
             Was a Believer of Trog.
             Demolished by a gnoll
             ... wielding a +2 whip of electrocution
              (17 damage)
             ... on level 3 of the Dungeon.
             The game lasted 00:04:08 (2926 turns).

dtburroughs the Chopper (Minotaur Berserker)        Turns: 2926, Time: 00:04:09

Health: -15/70     AC:  5    Str: 21    XL:     5   Next: 1%
Magic:  4/4        EV: 12    Int:  5    God:    Trog [**....]
Gold:   122        SH:  0    Dex: 10    Spells: 4/4 levels left

rFire    . . .     SeeInvis .   a - +0 hand axe
rCold    . . .     Faith    .   (no shield)
rNeg     . . .     Spirit   .   g - +0 ring mail
rPois    .         Reflect  .   (helmet restricted)
rElec    .         Harm     .   (no cloak)
rCorr    .         Rampage  .   (no gloves)
Will     .....                  (no boots)
Stlth    ..........             (no amulet)
HPRegen  0.21/turn              (no ring)
MPRegen  0.09/turn              (no ring)

@: berserking, very quick
A: retaliatory headbutt, horns 2
a: Renounce Religion, Berserk, Trog's Hand


You were on level 3 of the Dungeon.
You worshipped Trog.
Trog was pleased with you.
You visited 1 branch of the dungeon, and saw 3 of its levels.

You collected 122 gold pieces.

Inventory:

Hand Weapons
 a - a +0 hand axe (weapon)
Armour
 g - a +0 ring mail (worn)
Scrolls
 b - 2 scrolls of remove curse {unknown}
 c - 5 scrolls of identify {unknown}
 d - a scroll of magic mapping {unknown}
 i - a scroll of blinking {unknown}
 j - 2 scrolls of teleportation {unknown}
 k - a scroll of fog {unknown}
Potions
 e - 2 potions of degeneration {unknown}
 f - a potion of mutation {unknown}
 h - a potion of might {unknown}
 l - a potion of curing {unknown}
 m - a potion of resistance {unknown}
 n - a potion of lignification {unknown}
 o - a potion of flight {unknown}


   Skills:
 + Level 4.6 Fighting
 + Level 4.6 Axes
 + Level 3.6 Armour
 + Level 3.5 Dodging


You had 4 spell levels left.
You didn't know any spells.
Your spell library was empty.

Dungeon Overview and Level Annotations

Branches:
Dungeon (3/15)

Altars:
Dithmenos
Makhleb


Innate Abilities, Weirdness & Mutations

You reflexively headbutt those who attack you in melee.
You have a pair of horns on your head.


Message History

You have reached level 5!
You hit the gnoll but do no damage. The gnoll hits you but does no damage.
You are electrocuted!
The gnoll misses you.
You closely miss the gnoll. Your headbutt misses the gnoll.
The gnoll closely misses you.
You completely miss the gnoll.
The gnoll hits you with a +2 whip of electrocution.
You are electrocuted!!
* * * LOW HITPOINT WARNING * * *
You hit the gnoll. You headbutt the gnoll.
The gnoll is severely wounded.
The gnoll hits you with a +2 whip of electrocution.
* * * LOW HITPOINT WARNING * * *
You hit the gnoll.
The gnoll is severely wounded.
The gnoll misses you.
A red film seems to cover your vision as you go berserk!
You feel yourself moving faster!
You feel mighty! The gnoll hits you but does no damage.
You are electrocuted!
You die...

#.......###
#.#.#...#...#
#........†..#
#####...###...#
#.# ## ####.##
#### #.##.. ..##g#
#.##.# #.##g#
#.##.# #.##g#
#.##.# ##.##@#
#.##.####...#.#
####.##.##.......#
...........#...###
####.##.#..##.##
#.##)#..##.#
####.##)).....#
#....####..####
#.#### #..#


You could see 3 gnolls.

Vanquished Creatures
  2 orc wizards (D:3)
  A gnoll (D:3)
  2 adders (D:3)
  2 dart slugs
  A leopard gecko (D:2)
  7 orcs (D:3)
  A ball python (D:1)
  3 bats
  2 giant cockroaches (D:3)
  6 goblins
  6 hobgoblins
  A quokka (D:2)
  6 frilled lizards
  3 kobolds
  6 rats
49 creatures vanquished.

Notes
Turn   | Place    | Note
-------+----------+-------------------------------------------
     0 | D:1      | dtburroughs the Minotaur Berserker began the quest for the
                  | Orb.
     0 | D:1      | Reached XP level 1. HP: 19/19 MP: 0/0
   366 | D:1      | Reached XP level 2. HP: 20/27 MP: 1/1
  1644 | D:2      | Found a shadowy altar of Dithmenos.
  1716 | D:2      | Reached XP level 3. HP: 31/33 MP: 2/2
  2200 | D:3      | Found a burning altar of Makhleb.
  2219 | D:3      | Reached ** piety under Trog
  2426 | D:3      | Reached XP level 4. HP: 39/41 MP: 3/3
  2921 | D:3      | Reached XP level 5. HP: 44/47 MP: 4/4
  2924 | D:3      | HP: 1/47 [gnoll/+2 whip of electrocution (3)]
  2926 | D:3      | Demolished by a gnoll

Illustrated notes

Levels and vault maps discovered:
D:1:      giann_bridges, layout_basic, minivault_26, minmay_tromino_v4_b
D:2:      layout_loops_ring, grunt_dithmenos_smoke
D:3:      layout_loops_ring, lemuel_doored_altar,
          nicolae_overflow_hidden_temple, minmay_bisected, uniq_ijyb

Skill      XL: |  1  2  3 |
---------------+----------+-----
Fighting       | 4 |  4.6
Axes           | 4 |  4.6
Armour         | 3 |  3.6
Dodging        | 3 |  3.5

Action                   |  1- 3 |  4- 6 || total
-------------------------+-------+-------++-------
Melee: Hand axe          |    97 |    42 ||   139
       Headbutt          |    10 |     4 ||    14
Invok: Berserk           |       |     1 ||     1
Armor: Animal skin       |     3 |       ||     3
       Ring mail         |    28 |    19 ||    47
Dodge: Dodged            |    64 |    34 ||    98
